 Seeded DCSS version 0.29.0-13-gc9e81de378 (webtiles) character file.

Game seed: 9198181566794552244 (custom seed)

2233 nickcage the Spear-Bearer (level 9, -5/51 (61) HPs)
             Began as a Merfolk Gladiator on Sept 7, 2022.
             Was an Initiate of Hepliaklqana.
             Slain by an orc
             ... wielding the +4 morningstar "Uxyosun" {drain, rF+ SInv}
              (6 damage)
             ... on level 6 of the Dungeon.
             The game lasted 00:13:37 (7247 turns).

nickcage the Spear-Bearer (Merfolk Gladiator)       Turns: 7247, Time: 00:13:38

HP:   -5/51 (61)    AC: 10    Str: 23    XL:     9   Next: 36%
MP:   9/9           EV:  9    Int:  8    God:    Hepliaklqana [......]
Gold: 312           SH:  7    Dex: 15    Spells: 8/8 levels left

rFire   . . .      SeeInvis .   a - +0 trident
rCold   . . .      Faith    .   j - +2 buckler of Foolhardiness {Str+5}
rNeg    . . .      Spirit   .   f - +1 chain mail
rPois   .          Reflect  .   c - +0 helmet
rElec   .          Harm     .   (no cloak)
rCorr   .          Rampage  .   (no gloves)
Will    .....                   (no boots)
Stlth   ..........              (no amulet)
HPRegen 0.17/turn               (no ring)
MPRegen 0.11/turn               (no ring)

@: heavily drained
A: (nimble swimmer 2), mertail
a: Renounce Religion


You were on level 6 of the Dungeon.
You worshipped Hepliaklqana.
Hepliaklqana was noncommittal.
You visited 2 branches of the dungeon, and saw 7 of its levels.

You collected 312 gold pieces.

Inventory:

Hand Weapons
 a - a +0 trident (weapon)
Missiles
 d - 3 throwing nets
 e - a javelin
 x - 4 poisoned darts (quivered)
Armour
 b - a +0 leather armour
 c - a +0 helmet (worn)
 f - a +1 chain mail (worn)
 j - the +2 buckler of Foolhardiness (worn) {Str+5}
   (You acquired it on level 2 of the Dungeon)

   Str:       It affects your strength (+5).
Jewellery
 y - a ring of fire
Wands
 B - a wand of charming (7)
Scrolls
 g - 2 scrolls of teleportation
 n - 2 scrolls of identify
 o - 2 scrolls of amnesia {unknown}
 p - a scroll of enchant weapon {unknown}
 q - a scroll of poison {unknown}
 s - 2 scrolls of butterflies {unknown}
 w - a scroll of silence {unknown}
 A - a scroll of noise {unknown}
Potions
 h - 2 potions of ambrosia {unknown}
 i - a potion of might
 k - 2 potions of curing
 l - 3 potions of brilliance {unknown}
 m - a potion of berserk rage {unknown}
 r - 2 potions of attraction {unknown}
 t - a potion of mutation {unknown}
 u - a potion of invisibility {unknown}
 v - 3 potions of lignification {unknown}
 z - a potion of degeneration {unknown}


   Skills:
 - Level 2.1 Fighting
 + Level 14.9 Polearms
 - Level 2.0 Throwing
 - Level 4.0 Dodging
 + Level 4.2 Shields


You had 8 spell levels left.
You didn't know any spells.
Your spell library contained the following spells:

 Spells                   Type           Power      Damage    Failure   Level
 Necrotise                Necr           0%         1d4       99%         1
 Vampiric Draining        Necr           0%         2d6       100%        3
 Agony                    Necr           0%         N/A       100%        5
 Blade Hands              Tmut           0%         N/A       100%        5
 Irradiate                Conj/Tmut      0%         3d11      100%        5
 Dragon Form              Tmut           0%         N/A       100%        7


Dungeon Overview and Level Annotations

Branches:
Dungeon (6/15)             Temple (1/1) D:6

Altars:
Ashenzari
Cheibriados
Dithmenos
Elyvilon
Fedhas
Gozag
Hepliaklqana
Kikubaaqudgha
Makhleb
Nemelex Xobeh
Okawaru
Qazlal
Ru
Sif Muna
Trog
Uskayaw
Vehumet
Wu Jian
Xom
Yredelemnul
Zin
The Shining One

Shops:
D:5 (

Annotations:
D:5 3 runed translucent doors, 968glaive+5, azobrab's ghost, amateur DrBe
D:6 1 runed translucent door


Innate Abilities, Weirdness & Mutations

((You are very nimble when in or above water. (Stealth+, EV+, Speed+++)))
Your lower body shifts to a powerful aquatic tail in water.


Message History

You feel less confused.
You feel sick.
You are no longer poisoned.
Something hits you but does no damage.
You closely miss the orc. Something hits you but does no damage.
The orc hits you with the +4 morningstar "Uxyosun" {drain, rF+ SInv}!
You feel drained.
You barely miss the orc. You miss something.
You hear some strange, mumbled words.
A magic dart appears from out of thin air!
The magic dart hits you. The orc hits you but does no damage.
You feel drained.
You closely miss something.
You hear some strange, mumbled words.
Something tries to affect you, but you resist.
The orc hits you with the +4 morningstar "Uxyosun" {drain, rF+ SInv}!
You feel drained.
You miss something. You puncture something! You block something's attack.
The orc hits you with the +4 morningstar "Uxyosun" {drain, rF+ SInv}.
You feel drained.
You closely miss something. You hit something but do no damage.
You block something's attack. You block the orc's attack.
You closely miss something.
You hear some strange, mumbled words.
A puff of flame appears from out of thin air!
The puff of flame misses you. You block the orc's attack.
You hit something. You hit something.
Reactivating autopickup.
You feel a bit more experienced.
The orc hits you with the +4 morningstar "Uxyosun" {drain, rF+ SInv}!
* * * LOW HITPOINT WARNING * * *
You feel drained.
You closely miss the orc. You block the orc's attack.
The orc hits you with the +4 morningstar "Uxyosun" {drain, rF+ SInv}!
* * * LOW HITPOINT WARNING * * *
You feel drained.
You die...

##.....##.......##...##
#.#
##########.............
#.# #......##.###.##.#
#......#..# #..#
#.........# #.######...
#.# ##[.. #.# #....
##@# #..#.# #oo##.... .
#####.##.o.# .
#.....##...# #.###(..#
#^(#...# ...#...#...#
#..#...#...#...# #.
..#...#.) #..


You could see 2 orcs.

Vanquished Creatures
  Pikel (D:5)
  A troll (D:6)
  A steam dragon (D:6)
  4 water moccasins
  A black bear (D:5)
  An ogre (D:4)
  A phantom (D:5)
  3 scorpions
  5 hounds
  2 orc priests (D:6)
  An iguana (D:5)
  4 orc wizards (D:6)
  11 adders
  6 gnolls (D:3)
  2 white imps (D:5)
  2 dart slugs
  20 orcs
  5 bats
  9 endoplasms
  7 giant cockroaches
  13 goblins
  7 hobgoblins
  2 jackals (D:1)
  6 kobolds
  2 quokkas
  9 ball pythons
  5 frilled lizards
  3 rats
134 creatures vanquished.

Vanquished Creatures (others)
  2 plants (D:2)
2 creatures vanquished.

Grand Total: 136 creatures vanquished

Notes
Turn   | Place    | Note
-------+----------+-------------------------------------------
     0 | D:1      | nickcage the Merfolk Gladiator began the quest for the Orb.
     0 | D:1      | Reached XP level 1. HP: 16/16 MP: 1/1
   167 | D:1      | Reached XP level 2. HP: 22/22 MP: 2/2
   193 | D:1      | Reached skill level 5 in Polearms
   608 | D:1      | Reached XP level 3. HP: 25/27 MP: 3/3
  1084 | D:2      | Found a bloodstained altar of Trog.
  1250 | D:2      | Found a faded altar of an unknown god.
  1325 | D:2      | Reached skill level 6 in Polearms
  1664 | D:2      | Identified a scroll of acquirement
  1664 | D:2      | Acquired the +2 buckler of Foolhardiness {Str+5}
  1688 | D:2      | Reached XP level 4. HP: 33/33 MP: 4/4
  2350 | D:3      | Reached skill level 7 in Polearms
  2487 | D:3      | Reached XP level 5. HP: 38/38 MP: 5/5
  2713 | D:3      | Reached skill level 8 in Polearms
  3319 | D:4      | Reached XP level 6. HP: 34/44 MP: 6/6
  3571 | D:4      | Reached skill level 9 in Polearms
  3571 | D:4      | Reached skill level 1 in Shields
  3821 | D:4      | Identified the +4 short sword of Law {spect, rN+ MP+9}
  4042 | D:4      | Found a stormy altar of Qazlal.
  4318 | D:5      | Entered Level 5 of the Dungeon
  4353 | D:5      | Reached skill level 10 in Polearms
  4353 | D:5      | Reached XP level 7. HP: 50/50 MP: 7/7
  4662 | D:5      | Noticed Pikel
  4691 | D:5      | HP: 2/50 [Pikel/+0 whip of electrocution (2)]
  4697 | D:5      | Killed Pikel
  4698 | D:5      | Reached skill level 12 in Polearms
  4698 | D:5      | Reached XP level 8. HP: 3/56 MP: 8/8
  5017 | D:5      | Found a shadowy altar of Dithmenos.
  5051 | D:5      | Found an ornate altar of the Wu Jian Council.
  5108 | D:5      | Found a runed translucent gate.
  5108 | D:5      | Found a runed translucent gate.
  5109 | D:5      | Found a runed translucent gate.
  5112 | D:5      | Noticed azobrab's ghost (amateur DrBe)
  5244 | D:5      | Reached skill level 13 in Polearms
  5258 | D:5      | Found Wesa's Weapon Shoppe.
  5876 | D:6      | Found a runed translucent gate.
  5919 | D:6      | Reached skill level 14 in Polearms
  5919 | D:6      | Reached XP level 9. HP: 40/61 MP: 9/9
  6441 | D:6      | Found a staircase to the Ecumenical Temple.
  6458 | Temple   | Entered the Ecumenical Temple
  6468 | Temple   | Became a worshipper of Hepliaklqana the Forgotten
  6994 | D:6      | Noticed a troll
  7026 | D:6      | Killed a troll
  7226 | D:6      | Identified the +4 morningstar "Uxyosun" {drain, rF+ SInv}
  7247 | D:6      | HP: 1/54 [orc/the +4 morningstar "Uxyosun" {drain, rF+
                  | SInv} (13)]
  7247 | D:6      | Slain by an orc

Illustrated notes

Levels and vault maps discovered:
D:1:      eino_arrival_cavern_a, layout_loops_ring
D:2:      layout_basic, shapermc_ecumenical_altar_ellora, basic_altar
D:3:      layout_loops_ring, amethyst_killhole
D:4:      layout_rooms, lemuel_crystal_altar, serial_rivers,
          chequers_serial_rivers_large_b, chequers_serial_rivers_marsh,
          chequers_serial_rivers_micro_d, chequers_serial_rivers_micro_c
D:5:      layout_loops_corners, kennysheep_mini_moat, grunt_dithmenos_smoke,
          gammafunk_ghost_necromancy, serial_shops,
          nicolae_shop_bloodbath_and_beyond, corexii_corridor_pit, uniq_pikel
D:6:      layout_rooms, minmay_temple_entry_large_hall,
          biasface_ghost_orc_armoury, hex_medium
Temple:   compressed_dpeg_triangle_lava_temple

Skill      XL: |  1  2  3  4  5  6  7  8  9 |
---------------+----------------------------+-----
Polearms       | 5 6 7 8 10 12 14 | 14.9
Shields        | 1 2 3 4 |  4.2
Fighting       | |  2.1
Throwing       | |  2.0
Dodging        | |  4.0

Action                   |  1- 3 |  4- 6 |  7- 9 || total
-------------------------+-------+-------+-------++-------
Melee: Trident           |   123 |   179 |   264 ||   566
       Punch             |     1 |       |       ||     1
Throw: Javelin           |       |     2 |       ||     2
       Dart              |       |       |    10 ||    10
  Use: Scroll            |     6 |       |       ||     6
 Stab: Distracted        |       |     1 |       ||     1
Armor: Chain mail        |    63 |    51 |    76 ||   190
Dodge: Dodged            |    29 |    33 |    54 ||   116
Block: Buckler           |     3 |    25 |    49 ||    77
